 Dungeon Crawl Stone Soup version 0.17-a0-1711-gc5340a3 (webtiles) character file.

180 kae the Slasher (level 5, -5/45 HPs)
             Began as a Minotaur Fighter on Aug 22, 2015.
             Was an Initiate of Qazlal.
             Killed from afar by Natasha (6 damage)
             ... with a magic dart
             ... on level 2 of the Dungeon.
             The game lasted 00:01:35 (2184 turns).

kae the Slasher (Minotaur Fighter)                  Turns: 2184, Time: 00:01:35

Health: -5/45      AC:  6    Str: 21    XL:     5   Next: 33%
Magic:  4/4        EV:  9    Int:  6    God:    Qazlal [......]
Gold:   112        SH:  0    Dex:  9    Spells: 0 memorised, 4 levels left

rFire  . . .     SeeInvis .     a - +0 long sword
rCold  . . .     Clarity  .     b - +0 scale mail
rNeg   . . .     SustAt   .     (no shield)
rPois  .         Gourm    .     (helmet restricted)
rElec  .         Spirit   .     (no cloak)
rCorr  .         Warding  .     (no gloves)
rMut   .         Stasis   .     (no boots)
MR     .....                    (no amulet)
Stlth  ..........               (no ring)
                                (no ring)

@: slowed, very slow, not resistant to hostile enchantments, extremely
unstealthy
A: retaliatory headbutt, horns 2
a: Renounce Religion


You were on level 2 of the Dungeon.
You worshipped Qazlal.
Qazlal was noncommittal.
You were very hungry.

You visited 1 branch of the dungeon, and saw 2 of its levels.

You collected 112 gold pieces.

Inventory:

Hand weapons
 a - a +0 long sword (weapon)
Armour
 b - a +0 scale mail (worn)
 c - a +0 shield
Scrolls
 g - 2 scrolls of remove curse {unknown}
 i - a scroll of noise {unknown}
 k - a scroll of recharging {unknown}
 m - 2 scrolls of amnesia {unknown}
 n - a scroll of enchant weapon {unknown}
 q - a scroll of teleportation {unknown}
 v - 2 scrolls of fear {unknown}
Potions
 d - a potion of might
 h - a potion of cancellation {unknown}
 j - 3 potions of curing {unknown}
 l - a potion of brilliance {unknown}
 o - a potion of magic {unknown}
 u - a potion of ambrosia {unknown}
Books
 t - a book of the Earth

   Spells                             Type                      Level
   a - Leda's Liquefaction            Hexes/Earth                  4
   b - Bolt of Magma                  Conjuration/Fire/Earth       5
   c - Statue Form                    Transmutation/Earth          6
   d - Iron Shot                      Conjuration/Earth            6
   e - Shatter                        Earth                        9
Comestibles
 e - 2 bread rations
 f - a meat ration
 p - 2 fruits
 r - a royal jelly
 s - a beef jerky


   Skills:
 - Level 3.6 Fighting
 + Level 6.8 Long Blades
 - Level 3.6 Armour
 - Level 3.6 Shields


You had 4 spell levels left.
You didn't know any spells.

Dungeon Overview and Level Annotations

Branches:
Dungeon (2/15)

Altars:
Fedhas
Kikubaaqudgha
Okawaru
Qazlal
Ru

Annotations:
D:2 Natasha


Innate Abilities, Weirdness & Mutations

You reflexively headbutt those who attack you in melee.
You have a pair of horns on your head.


Message History

You feel as though you will be slow longer.
The white imp gestures at you. The puff of frost hits you!
* * * LOW HITPOINT WARNING * * *
Natasha claws you!
* * * LOW HITPOINT WARNING * * *
You are too injured to fight recklessly!
You are too injured to fight recklessly!
Unknown command.
You are too injured to fight recklessly!
You are too injured to fight recklessly!
Unknown command.
Drink which item? (? for menu, Esc to quit)
Okay, then.
You hit Natasha.
Natasha is almost dead.
The white imp hits you but does no damage.
Natasha stares at you and mumbles some strange words.
The magic dart hits you!
You die...

#..###....###.#.....#.#.##.######
.................................
#..###....###.#.....#.#.##.######
#..##########.####.##.#.##.######
............#....................
#..########.######.##.#.##.######
............######.####.##.#
.............#...h......##.#
...###.####.##..@5......##.#
...###.#................##.#
........................##.#
...##..#................##.######
...##....<.....(.................
...##..#..........########.......
...##..#......#..##...##.........
.......####.###.##.....###.######
...##..## #.# #.#.......#........


You could see Natasha and a white imp.

Vanquished Creatures
  Jessica (D:2)
  Natasha (twice) (D:2)
  5 adders (D:2)
  4 gnolls (D:2)
  2 worms (D:2)
  A giant gecko (D:1)
  4 hobgoblins (D:2)
  5 bats
  2 giant newts
  3 goblins
  4 kobolds
  7 rats (D:2)
40 creatures vanquished.

Notes
Turn   | Place    | Note
--------------------------------------------------------------
     0 | D:1      | kae the Minotaur Fighter began the quest for the Orb.
     0 | D:1      | Reached XP level 1. HP: 19/19 MP: 0/0
   341 | D:1      | Reached XP level 2. HP: 26/26 MP: 1/1
   629 | D:2      | HP: 1/26 [worm (8)]
   704 | D:2      | Noticed Jessica
  1026 | D:2      | Reached skill level 4 in Long Blades
  1026 | D:2      | Reached XP level 3. HP: 26/31 MP: 2/2
  1044 | D:2      | Noticed Natasha
  1051 | D:2      | Killed Natasha
  1051 | D:2      | Reached skill level 5 in Long Blades
  1398 | D:2      | Reached XP level 4. HP: 28/39 MP: 3/3
  1634 | D:2      | Reached skill level 6 in Long Blades
  1639 | D:2      | Killed Jessica
  1639 | D:2      | Reached XP level 5. HP: 43/45 MP: 4/4
  1695 | D:2      | Found a blossoming altar of Fedhas.
  1695 | D:2      | Found an iron altar of Okawaru.
  1730 | D:2      | Found a stormy altar of Qazlal.
  1730 | D:2      | Noticed Natasha
  1742 | D:2      | Killed Natasha
  1866 | D:2      | Found a sacrificial altar of Ru.
  1928 | D:2      | Became a worshipper of Qazlal Stormbringer
  2074 | D:2      | Found an ancient bone altar of Kikubaaqudgha.
  2170 | D:2      | Noticed Natasha
  2183 | D:2      | HP: 1/45 [Natasha (8)]
  2184 | D:2      | Killed from afar by Natasha

Vault maps used:
D:1:      eino_arrival_tree_alley
D:2:      nicolae_qazlal_eye_of_the_storm, lemuel_round_altar,
          nicolae_overflow_hidden_temple, uniq_jessica, uniq_natasha

Action                   |  1- 3 |  4- 6 || total
-------------------------+-------+-------++-------
Melee: Long sword        |    63 |    53 ||   116
  Eat: Chunk             |     1 |     2 ||     3
